[Event "ICC tourney 2109 (75 10)"]
[Site "Internet Chess Club"]
[Date "2020.11.07"]
[Round "3"]
[White "Chess121"]
[Black "Arsalchess"]
[Result "0-1"]
[ICCResult "White checkmated"]
[WhiteElo "1484"]
[BlackElo "1914"]
[Opening "Queen's pawn, Mason variation"]
[ECO "D00"]
[NIC "QP.08"]
[Time "14:31:52"]
[PlyCount "110"]
[TimeControl "4500+10"]

1. d4 d5 2. Bf4 Nf6 3. e3 c5 4. c3 Nc6 5. Nf3 Bg4 6. Nbd2 e6 7. h3 Bh5 8.
Be2 Be7 9. Ne5 Bxe2 10. Qxe2 a6 11. O-O O-O 12. dxc5 Bxc5 13. b4 Bd6 14.
Nxc6 bxc6 15. Bxd6 Qxd6 16. e4 e5 17. Rad1 Qc7 18. Rfe1 Rfe8 19. exd5 cxd5
20. c4 d4 21. Nf3 d3 22. Rxd3 e4 23. Re3 h6 24. Nd2 Reb8 25. Nxe4 Nxe4 26.
Rxe4 Rxb4 27. Re8+ Rxe8 28. Qxe8+ Kh7 29. Qe4+ g6 30. Rc1 Rb2 31. a3 Rb3
32. a4 Rb4 33. Qc2 Qe5 34. Rb1 a5 35. Rxb4 axb4 36. c5 Qc3 37. Qa2 b3 38.
Qa3 Qc2 39. Kh2 b2 40. Qa2 Kg7 41. Qd5 b1=Q 42. Qe5+ Kh7 43. Qf4 Qba2 44.
c6 Qxf2 45. Qxf2 Qxf2 46. a5 Qc5 47. a6 Qxc6 48. a7 Qc7+ 49. Kh1 Qxa7 50.
Kh2 f5 51. g4 f4 52. Kg2 Qe3 53. h4 f3+ 54. Kh2 Qe2+ 55. Kg1 Qg2# { White
checkmated } 0-1

[Event "ICC tourney 2109 (75 10)"]
[Site "Internet Chess Club"]
[Date "2020.11.07"]
[Round "3"]
[White "playerlucky"]
[Black "LediaScorpion"]
[Result "0-1"]
[ICCResult "White resigns"]
[WhiteElo "1827"]
[BlackElo "2103"]
[Opening "Queen's bishop game"]
[ECO "D02"]
[NIC "QP.08"]
[Time "14:31:53"]
[PlyCount "94"]
[TimeControl "4500+10"]

1. d4 d5 2. Nf3 Nf6 3. Bf4 e6 4. e3 Bd6 5. Bg3 O-O 6. Bd3 c5 7. c3 Qc7 8.
Nbd2 Nbd7 9. Qe2 e5 10. dxe5 Nxe5 11. Nxe5 Bxe5 12. f4 Bd6 13. O-O Re8 14.
h3 c4 15. Bc2 Bc5 16. Rf3 Qb6 17. b3 Bxe3+ 18. Bf2 Bxf2+ 19. Qxf2 Re2 20.
Qxb6 axb6 21. Rf2 Re3 22. bxc4 Rxc3 23. Bb3 dxc4 24. Bxc4 Bf5 25. Re1 b5
26. Bb3 Rc7 27. Re5 Bd3 28. Re3 Rd8 29. Kh2 h5 30. g3 Bc4 31. Rc3 Rdc8 32.
Bxc4 bxc4 33. a4 Nd5 34. Rc2 Ne3 35. Rc1 Rd7 36. Nb1 Nd1 37. Rfc2 c3 38.
Nxc3 Ne3 39. Re2 Rd3 40. Na2 Rxc1 41. Nxc1 Rc3 42. Na2 Ra3 43. Kg1 Nf5 44.
Kf2 Nxg3 45. Re8+ Kh7 46. Re7 Nf5 47. Re2 Rxa4 { White resigns } 0-1

[Event "ICC tourney 2109 (75 10)"]
[Site "Internet Chess Club"]
[Date "2020.11.07"]
[Round "3"]
[White "SridharCCA70"]
[Black "mikoyansuren"]
[Result "0-1"]
[ICCResult "White resigns"]
[WhiteElo "1586"]
[BlackElo "1976"]
[Opening "English: Symmetrical, Keres defense"]
[ECO "A36"]
[NIC "EO.41"]
[Time "14:32:03"]
[PlyCount "96"]
[TimeControl "4500+10"]

1. c4 c5 2. Nc3 Nc6 3. g3 e6 4. Bg2 Nf6 5. Nf3 d5 6. cxd5 Nxd5 7. O-O Be7
8. a3 O-O 9. e4 Nb6 10. d3 Bf6 11. Re1 e5 12. Be3 Be7 13. Rc1 Be6 14. Na4
Nxa4 15. Qxa4 Qxd3 16. Red1 Qb3 17. Qxb3 Bxb3 18. Rd7 b6 19. Bh3 Bf6 20.
Rd6 Nd4 21. Bxd4 exd4 22. e5 Be7 23. Rd7 Rfe8 24. Nd2 Ba4 25. Rc7 Bd8 26.
Rc8 Rxc8 27. Bxc8 Bg5 28. f4 Bxf4 29. gxf4 Rxc8 30. Nc4 d3 31. Kf2 b5 32.
Nd6 d2 33. Rg1 Rc6 34. Ke2 d1=Q+ 35. Rxd1 Bxd1+ 36. Kxd1 a6 37. Ne4 Rh6 38.
Nxc5 Rxh2 39. Nxa6 Rxb2 40. Nc7 h5 41. Ke1 Kf8 42. Kf1 Ke7 43. Nd5+ Ke6 44.
Ne3 Rb3 45. Nc2 Rf3+ 46. Ke2 Rxf4 47. Ke3 Kxe5 48. Nb4 Rxb4 { White resigns
} 0-1

[Event "ICC tourney 2109 (75 10)"]
[Site "Internet Chess Club"]
[Date "2020.11.07"]
[Round "3"]
[White "wangfang75"]
[Black "wulovechess"]
[Result "1-0"]
[ICCResult "Black checkmated"]
[WhiteElo "1854"]
[BlackElo "1612"]
[Opening "Ruy Lopez: 5.O-O"]
[ECO "C78"]
[NIC "RL.12"]
[Time "14:31:48"]
[PlyCount "113"]
[TimeControl "4500+10"]

1. e4 e5 2. Nf3 Nc6 3. Bb5 a6 4. Ba4 Nf6 5. O-O b5 6. Bb3 Bc5 7. d3 O-O 8.
Bg5 d6 9. h3 Be6 10. Nc3 Nd4 11. Nxd4 Bxd4 12. Nd5 Bxb2 13. Nxf6+ gxf6 14.
Bh6 Re8 15. Bxe6 Kh8 16. Bxf7 Re7 17. Rb1 Rxf7 18. Rxb2 Qd7 19. Kh1 Rg8 20.
f4 Rg6 21. Qh5 f5 22. fxe5 dxe5 23. exf5 Rff6 24. fxg6 Rxf1+ 25. Kh2 e4 26.
Qe5+ Kg8 27. Rb4 Qd6 28. Qxd6 cxd6 29. g7 Rf6 30. Bg5 Rg6 31. Bf4 Kxg7 32.
Rxe4 d5 33. Rd4 Rc6 34. Be5+ Kg6 35. c3 Kf5 36. Bg7 Rxc3 37. Rxd5+ Ke6 38.
Bxc3 Kxd5 39. Kg3 b4 40. Bxb4 Kd4 41. Kf4 Kxd3 42. g4 Kc4 43. a3 Kb5 44. h4
a5 45. Bxa5 Kxa5 46. h5 Ka4 47. g5 Kxa3 48. g6 hxg6 49. hxg6 Kb2 50. g7 Ka3
51. g8=Q Kb2 52. Qc4 Kb1 53. Qe2 Kc1 54. Ke3 Kb1 55. Kd3 Ka1 56. Kc3 Kb1
57. Qb2# { Black checkmated } 1-0

[Event "ICC tourney 2109 (75 10)"]
[Site "Internet Chess Club"]
[Date "2020.11.07"]
[Round "3"]
[White "imranchamp"]
[Black "BadWolf"]
[Result "1-0"]
[ICCResult "Black resigns"]
[WhiteElo "1839"]
[BlackElo "1940"]
[Opening "French: exchange, Svenonius variation"]
[ECO "C11"]
[NIC "FR.04"]
[Time "14:31:47"]
[PlyCount "47"]
[TimeControl "4500+10"]

1. e4 e6 2. d4 d5 3. Nc3 Nf6 4. exd5 exd5 5. Bg5 c6 6. Nf3 Bg4 7. h3 Bh5 8.
Bd3 Be7 9. O-O Nbd7 10. g4 Bg6 11. Bxg6 hxg6 12. Kg2 Nf8 13. Re1 Ne6 14.
Rxe6 fxe6 15. Ne5 Qd6 16. Nxg6 Rg8 17. Bf4 Qd7 18. Nxe7 Qxe7 19. Qe2 g5 20.
Bg3 Nd7 21. Re1 Rg6 22. Na4 Qb4 23. Nc5 Qxd4 24. Nxe6 { Black resigns } 1-0

[Event "ICC tourney 2109 (75 10)"]
[Site "Internet Chess Club"]
[Date "2020.11.07"]
[Round "3"]
[White "Goran21"]
[Black "JunlinTheWorld"]
[Result "0-1"]
[ICCResult "White checkmated"]
[WhiteElo "2023"]
[BlackElo "1861"]
[Opening "Sicilian"]
[ECO "B50"]
[NIC "SI.01"]
[Time "14:32:02"]
[PlyCount "104"]
[TimeControl "4500+10"]

1. e4 c5 2. Nf3 d6 3. c3 Nf6 4. Be2 g6 5. O-O Bg7 6. Re1 O-O 7. Bf1 Nc6 8.
h3 a6 9. d4 cxd4 10. cxd4 Bd7 11. Nc3 e5 12. dxe5 dxe5 13. Be3 h6 14. Nd5
Be6 15. Bc5 Nxd5 16. exd5 Qxd5 17. Bxf8 Rxf8 18. Qa4 f5 19. Red1 Qc5 20.
Rac1 Qe7 21. Bc4 e4 22. Ne1 Kh8 23. Rd2 g5 24. Rcd1 Rd8 25. Rxd8+ Nxd8 26.
Bxe6 Nxe6 27. Rd7 Qf8 28. Qc4 Nd8 29. Qc8 Bf6 30. Rxb7 Qg8 31. Rb6 Be7 32.
Qxf5 Qg7 33. Rf6 Bxf6 34. Qxe4 Bxb2 35. Nd3 Bf6 36. g3 Qd7 37. Nc5 Qe7 38.
Qg6 Bg7 39. Nxa6 Qe6 40. Qd3 Nf7 41. a3 Qxh3 42. Nc7 g4 43. Qf5 Ng5 44.
Qc8+ Kh7 45. Qf5+ Kg8 46. Qc8+ Bf8 47. f4 Qxg3+ 48. Kh1 Qe1+ 49. Kg2 Qe2+
50. Kh1 Qf1+ 51. Kh2 Nf3+ 52. Kg3 Qg1# { White checkmated } 0-1

[Event "ICC tourney 2109 (75 10)"]
[Site "Internet Chess Club"]
[Date "2020.11.07"]
[Round "3"]
[White "goodcrowdchess"]
[Black "pianoboy"]
[Result "0-1"]
[ICCResult "White resigns"]
[WhiteElo "1670"]
[BlackElo "1886"]
[Opening "Sicilian: dragon, Yugoslav attack, 10.O-O-O"]
[ECO "B78"]
[NIC "SI.18"]
[Time "14:31:53"]
[PlyCount "86"]
[TimeControl "4500+10"]

1. e4 c5 2. Nf3 d6 3. d4 cxd4 4. Nxd4 Nf6 5. Nc3 g6 6. Be3 Bg7 7. f3 Nc6 8.
Qd2 O-O 9. Bc4 Bd7 10. O-O-O Rc8 11. Bb3 Na5 12. Kb1 Nc4 13. Bxc4 Rxc4 14.
g4 Qb8 15. h4 h5 16. gxh5 Nxh5 17. Rdg1 b5 18. Nce2 Rfc8 19. Ng3 Nxg3 20.
Rxg3 d5 21. Rhg1 Qe5 22. c3 b4 23. Ne2 bxc3 24. bxc3 Qb8+ 25. Kc2 Bxc3 26.
Nxc3 Rxc3+ 27. Qxc3 Rxc3+ 28. Kxc3 dxe4 29. fxe4 Qe5+ 30. Kd2 Qxe4 31. Bxa7
Qd5+ 32. Ke3 Qe6+ 33. Kd3 Qa6+ 34. Kc3 Qxa7 35. Kb2 Be6 36. a3 Qd4+ 37. Kc2
Bf5+ 38. Kb3 Qxh4 39. a4 Be6+ 40. Ka3 Bd7 41. a5 Qa4+ 42. Kb2 Qxa5 43. Rd1
Qe5+ { White resigns } 0-1

[Event "ICC tourney 2109 (75 10)"]
[Site "Internet Chess Club"]
[Date "2020.11.07"]
[Round "3"]
[White "poohfur"]
[Black "vishalanil"]
[Result "0-1"]
[ICCResult "White resigns"]
[WhiteElo "1701"]
[BlackElo "1857"]
[Opening "Sicilian: dragon, Yugoslav attack, 10.O-O-O"]
[ECO "B78"]
[NIC "SI.17"]
[Time "14:31:40"]
[PlyCount "66"]
[TimeControl "4500+10"]

1. e4 c5 2. Nf3 d6 3. d4 cxd4 4. Nxd4 Nf6 5. Nc3 g6 6. f3 Bg7 7. Be3 Nc6 8.
Bc4 Bd7 9. Qd2 O-O 10. O-O-O Rc8 11. Bb3 Ne5 12. g4 b5 13. h4 b4 14. Nce2
a5 15. a4 bxa3 16. Bh6 axb2+ 17. Kb1 Nc4 18. Qg5 Rc5 19. Nf5 Bxf5 20. gxf5
a4 21. Bxc4 Rxc4 22. h5 a3 23. Rd3 a2+ 24. Kxa2 Ra4+ 25. Ra3 Rxa3+ 26. Kxa3
Qa5+ 27. Kb3 Rb8+ 28. Kc4 Qb5+ 29. Kd4 Qe5+ 30. Kd3 b1=Q 31. Rxb1 Rxb1 32.
c3 Bxh6 33. Qxh6 Nxh5 { White resigns } 0-1

[Event "ICC tourney 2109 (75 10)"]
[Site "Internet Chess Club"]
[Date "2020.11.07"]
[Round "3"]
[White "Niteshc"]
[Black "karuto2006"]
[Result "1-0"]
[ICCResult "Black resigns"]
[WhiteElo "1650"]
[BlackElo "1695"]
[Opening "Giuoco Piano"]
[ECO "C50"]
[NIC "IG.02"]
[Time "14:31:44"]
[PlyCount "137"]
[TimeControl "4500+10"]

1. e4 e5 2. Nf3 Nc6 3. Bc4 Bc5 4. O-O Nf6 5. d4 Bxd4 6. Nxd4 Nxd4 7. f4 d6
8. fxe5 dxe5 9. Bg5 Be6 10. Na3 Qe7 11. c3 Nc6 12. Kh1 h6 13. Bxf6 gxf6 14.
Qf3 O-O-O 15. Bxe6+ Qxe6 16. Qxf6 Rhg8 17. Qxe6+ fxe6 18. Rad1 Rxd1 19.
Rxd1 Rg4 20. Re1 Rf4 21. Kg1 a6 22. Nb1 Nd8 23. Nd2 Nf7 24. Rf1 Kd7 25.
Rxf4 exf4 26. Kf2 e5 27. Kf3 Ke6 28. Kg4 Kf6 29. Kh5 c5 30. b4 b6 31. bxc5
bxc5 32. Nb3 c4 33. Nc5 a5 34. a4 Kg7 35. Nb7 Ng5 36. Nxa5 Nxe4 37. Nxc4
Nxc3 38. Nxe5 Nxa4 39. Ng4 Nc5 40. Nxh6 Ne6 41. Nf5+ Kf6 42. Nh4 Ng7+ 43.
Kg4 Ne6 44. Nf3 Kg6 45. Ne5+ Kf6 46. Nd3 Ng7 47. Nxf4 Ne8 48. h4 Kg7 49.
Kg5 Nd6 50. Ne6+ Kh7 51. Nc5 Nf7+ 52. Kf6 Nh6 53. Kg5 Nf7+ 54. Kh5 Ne5 55.
g4 Nf3 56. g5 Ne5 57. Ne6 Nf3 58. g6+ Kg8 59. Kg4 Ne5+ 60. Kf5 Nf3 61. h5
Nh4+ 62. Kf6 Nf3 63. h6 Kh8 64. g7+ Kg8 65. Ng5 Nxg5 66. Kxg5 Kh7 67. Kf6
Kg8 68. h7+ Kxh7 69. Kf7 { Black resigns } 1-0

[Event "ICC tourney 2109 (75 10)"]
[Site "Internet Chess Club"]
[Date "2020.11.07"]
[Round "3"]
[White "kwen2008"]
[Black "joeandjoe56"]
[Result "0-1"]
[ICCResult "White checkmated"]
[WhiteElo "1697"]
[BlackElo "1751"]
[Opening "Neo-Grünfeld, 6.cd Nxd5, 7.O-O c5, 8.dc"]
[ECO "D75"]
[NIC "KI.80"]
[Time "14:31:37"]
[PlyCount "94"]
[TimeControl "4500+10"]

1. d4 Nf6 2. c4 g6 3. g3 Bg7 4. Bg2 d5 5. cxd5 Nxd5 6. Nf3 O-O 7. O-O c5 8.
dxc5 Na6 9. e4 Ndb4 10. Qe2 Qa5 11. a3 Nc6 12. Bd2 Qxc5 13. Nc3 Nc7 14.
Rac1 Qh5 15. b4 Bg4 16. Qe3 Rfd8 17. Na4 Qb5 18. Nc5 Ne6 19. a4 Qb6 20.
Nxe6 Bxe6 21. Qe1 Rd3 22. b5 Nd4 23. Nxd4 Qxd4 24. Bb4 Rb3 25. Bxe7 Qxa4
26. Rb1 Qxb5 27. Rxb3 Qxb3 28. e5 a5 29. Qe4 Bf5 30. Qf3 Qxf3 31. Bxf3 Bxe5
32. Rd1 a4 33. Bxb7 Ra7 34. Rd8+ Kg7 35. Bf8+ Kf6 36. Bd5 a3 37. Ba2 Be6
38. Bxe6 Kxe6 39. Re8+ Kd5 40. Rd8+ Ke4 41. Bxa3 Rxa3 42. Rd7 f5 43. Rxh7
Kf3 44. h4 Ra1+ 45. Kh2 Kxf2 46. Rh6 Bxg3+ 47. Kh3 Rh1# { White checkmated
} 0-1

[Event "ICC tourney 2109 (75 10)"]
[Site "Internet Chess Club"]
[Date "2020.11.07"]
[Round "3"]
[White "DanielA1926"]
[Black "clair"]
[Result "1/2-1/2"]
[ICCResult "Black stalemated"]
[WhiteElo "1551"]
[BlackElo "1632"]
[Opening "Modern defense"]
[ECO "A40"]
[NIC "QO.17"]
[Time "14:31:43"]
[PlyCount "101"]
[TimeControl "4500+10"]

1. d4 g6 2. Nf3 Bg7 3. e4 e6 4. Nc3 Ne7 5. Bg5 h6 6. Be3 d6 7. Qd2 a6 8. h4
Nd7 9. Bd3 b5 10. g4 Bb7 11. Ke2 c5 12. dxc5 dxc5 13. Kf1 c4 14. Be2 Ne5
15. Rd1 Qxd2 16. Nxd2 O-O 17. f4 N5c6 18. Nf3 Rfd8 19. Kf2 Rxd1 20. Rxd1
Rd8 21. Rxd8+ Nxd8 22. e5 Nd5 23. Nxd5 Bxd5 24. g5 h5 25. Nd2 Bf8 26. b3
cxb3 27. axb3 Bb4 28. Nf3 Nc6 29. c4 bxc4 30. bxc4 Be4 31. Bb6 a5 32. Bd1
Bd3 33. Bb3 a4 34. Bxa4 Na5 35. c5 Be4 36. Ke3 Bc6 37. Bxc6 Nxc6 38. Nd4
Nxd4 39. Kxd4 Bxc5+ 40. Bxc5 Kg7 41. Be7 Kg8 42. Kc5 Kg7 43. Kd6 Kg8 44.
Kd7 Kg7 45. Ke8 f6 46. Bxf6+ Kg8 47. Ke7 Kh7 48. Kxe6 Kg8 49. f5 Kf8 50.
fxg6 Kg8 51. Ke7 { Black stalemated } 1/2-1/2

[Event "ICC tourney 2109 (75 10)"]
[Site "Internet Chess Club"]
[Date "2020.11.07"]
[Round "3"]
[White "Mapking1"]
[Black "bcooke01"]
[Result "1-0"]
[ICCResult "Black checkmated"]
[WhiteElo "1802"]
[BlackElo "1768"]
[Opening "French: Tarrasch, closed variation"]
[ECO "C05"]
[NIC "FR.17"]
[Time "14:32:04"]
[PlyCount "93"]
[TimeControl "4500+10"]

1. e4 e6 2. d4 d5 3. Nd2 Nf6 4. e5 Nfd7 5. Bd3 c5 6. c3 Nc6 7. Ne2 Qb6 8.
Nf3 Be7 9. O-O h6 10. h3 cxd4 11. cxd4 Nb4 12. Bb1 Qc7 13. a3 Nc6 14. g4 b6
15. Kg2 Ba6 16. Re1 Rc8 17. Bd2 h5 18. Nf4 h4 19. g5 Nf8 20. g6 fxg6 21.
Bxg6+ Nxg6 22. Nxg6 Rh7 23. Ng5 Bxg5 24. Bxg5 Qf7 25. Nxh4 Rh5 26. f4 Kd7
27. Nf3 Rch8 28. h4 Qf5 29. Kg3 Bc4 30. Rc1 b5 31. Qc2 Qxc2 32. Rxc2 a5 33.
b3 Bxb3 34. Rc5 Bc4 35. Kg4 g6 36. Re3 b4 37. axb4 axb4 38. Nd2 Rc8 39. Nb3
Ra8 40. f5 exf5+ 41. Kf4 Bxb3 42. Rxb3 Nxd4 43. Rxd5+ Ke6 44. Rxd4 Ra5 45.
Rd6+ Kf7 46. e6+ Ke8 47. Rd8# { Black checkmated } 1-0

[Event "ICC tourney 2109 (75 10)"]
[Site "Internet Chess Club"]
[Date "2020.11.07"]
[Round "3"]
[White "Roger436"]
[Black "SparkyNinja"]
[Result "1/2-1/2"]
[ICCResult "Game drawn by repetition"]
[WhiteElo "1735"]
[BlackElo "1555"]
[Opening "Sicilian: Najdorf"]
[ECO "B90"]
[NIC "SI.14"]
[Time "14:31:49"]
[PlyCount "86"]
[TimeControl "4500+10"]

1. e4 c5 2. Nf3 d6 3. d4 cxd4 4. Nxd4 Nf6 5. Nc3 a6 6. f3 e5 7. Nb3 Be6 8.
Be3 Nbd7 9. Qd2 Be7 10. g4 O-O 11. g5 Ne8 12. h4 b5 13. O-O-O Nb6 14. Bxb6
Qxb6 15. h5 Nc7 16. Bd3 Rad8 17. Rdg1 d5 18. exd5 Nxd5 19. g6 Nf4 20. gxh7+
Kh8 21. Kb1 Nxd3 22. Qg2 Bf6 23. cxd3 Bf5 24. Ne4 Rxd3 25. Re1 Rfd8 26. h6
g6 27. Qe2 a5 28. Ka1 Bxe4 29. fxe4 a4 30. Nc1 Rd2 31. Qf3 Rf2 32. Qc3 b4
33. Qc4 Qd4 34. Qxd4 Rxd4 35. Rh3 Kxh7 36. Kb1 Rdd2 37. Nd3 Rfe2 38. Rf1
Bg5 39. Rxf7+ Kg8 40. Rf1 Kh7 41. Rf7+ Kg8 42. Rf1 Kh7 43. Rf7+ Kg8 { Game
drawn by repetition } 1/2-1/2

[Event "ICC tourney 2109 (75 10)"]
[Site "Internet Chess Club"]
[Date "2020.11.07"]
[Round "3"]
[White "davika21"]
[Black "KittiesRock18"]
[Result "1/2-1/2"]
[ICCResult "Game drawn by repetition"]
[WhiteElo "1912"]
[BlackElo "1822"]
[Opening "Sicilian: Alapin's variation (2.c3)"]
[ECO "B22"]
[NIC "SI.46"]
[Time "14:31:59"]
[PlyCount "91"]
[TimeControl "4500+10"]

1. e4 c5 2. c3 d6 3. d4 cxd4 4. cxd4 Nf6 5. Nc3 g6 6. Nf3 Bg7 7. Be2 Qb6 8.
h3 Nc6 9. a3 Bd7 10. O-O O-O 11. Be3 Qc7 12. Rc1 a6 13. d5 Ne5 14. Nxe5
dxe5 15. Bg5 Qd6 16. Bxf6 Bxf6 17. Bg4 Bg5 18. Rc2 f5 19. exf5 gxf5 20. Be2
Rac8 21. g3 e4 22. h4 Bf6 23. Re1 Rc5 24. Bf1 Rfc8 25. Qd2 e6 26. dxe6 Qxe6
27. Rec1 Bg7 28. Ne2 e3 29. fxe3 Rxc2 30. Rxc2 Rxc2 31. Qxc2 Qxe3+ 32. Kh1
b5 33. Bg2 Be6 34. Kh2 Qf2 35. Qd2 Bxb2 36. Qd8+ Kf7 37. Qc7+ Ke8 38. Qb8+
Ke7 39. Qc7+ Bd7 40. Nf4 Qe1 41. Nd5+ Ke8 42. Qb8+ Kf7 43. Qc7 Ke8 44. Qb8+
Kf7 45. Qc7 Ke8 46. Qb8+ { Game drawn by repetition } 1/2-1/2

[Event "ICC tourney 2109 (75 10)"]
[Site "Internet Chess Club"]
[Date "2020.11.07"]
[Round "3"]
[White "StevChess01"]
[Black "cdj12417489"]
[Result "1-0"]
[ICCResult "Black resigns"]
[WhiteElo "1727"]
[BlackElo "1257"]
[Opening "Nimzo-Indian: Kmoch variation"]
[ECO "E20"]
[NIC "NI.30"]
[Time "14:31:51"]
[PlyCount "77"]
[TimeControl "4500+10"]

1. d4 Nf6 2. c4 e6 3. Nc3 Bb4 4. f3 Bxc3+ 5. bxc3 d5 6. e3 b6 7. cxd5 exd5
8. Ba3 Qd7 9. Bd3 Qe6 10. Kf2 Nc6 11. Ne2 Bb7 12. Ng3 Ne7 13. Re1 O-O 14.
Kg1 Rfe8 15. Qc2 Ng6 16. Rab1 Ne7 17. e4 dxe4 18. fxe4 Ng6 19. e5 Nh5 20.
Bf5 Qd5 21. Be4 Qe6 22. Bxb7 Nxg3 23. hxg3 Rab8 24. Bf3 Rbd8 25. Rbd1 Qc4
26. Qb3 Qxb3 27. axb3 Ne7 28. Bxe7 Rxe7 29. b4 a5 30. bxa5 bxa5 31. Ra1 f6
32. Rxa5 fxe5 33. Raxe5 Rxe5 34. Rxe5 Kf7 35. Bg4 Rd6 36. Rc5 Rg6 37. Bh5
Ke6 38. Bxg6 hxg6 39. Rxc7 { Black resigns } 1-0

[Event "ICC tourney 2109 (75 10)"]
[Site "Internet Chess Club"]
[Date "2020.11.07"]
[Round "3"]
[White "Mozart1"]
[Black "chesslead"]
[Result "0-1"]
[ICCResult "White checkmated"]
[WhiteElo "1836"]
[BlackElo "2096"]
[Opening "Philidor: Improved Hanham variation"]
[ECO "B07"]
[NIC "PU.08"]
[Time "14:31:47"]
[PlyCount "138"]
[TimeControl "4500+10"]

1. e4 d6 2. d4 Nf6 3. Nc3 Nbd7 4. Nf3 e5 5. Bc4 Be7 6. dxe5 dxe5 7. Bg5 c6
8. a3 O-O 9. O-O Qc7 10. Qe2 b5 11. Bb3 a5 12. a4 b4 13. Nb1 Ba6 14. Bc4
Bxc4 15. Qxc4 Rfd8 16. Nbd2 Nf8 17. Bh4 Ng6 18. Bg3 Rd7 19. Qe2 Bc5 20. Nc4
Re8 21. Rad1 Rde7 22. Nh4 Nf4 23. Qf3 Re6 24. Rfe1 g6 25. b3 N6h5 26. Rd2
Rf6 27. Qd1 Bd4 28. Rxd4 exd4 29. e5 Rfe6 30. Bxf4 Nxf4 31. Qxd4 Nd5 32. f4
f6 33. Nf3 fxe5 34. fxe5 Rd8 35. Qg4 Ree8 36. Ng5 Re7 37. h3 Rde8 38. Qg3
Qa7+ 39. Kh2 Rf8 40. Nf3 Ref7 41. e6 Re7 42. Re4 Rf6 43. Nd4 Nc3 44. Rf4
Rxf4 45. Nxc6 Ne2 46. Nxa7 Nxg3 47. Nc6 Rxe6 48. Kxg3 Rf7 49. Nd8 Re2 50.
Nxf7 Kxf7 51. Nxa5 Rxc2 52. Kf3 Rc3+ 53. Ke4 Ke6 54. Kd4 Kd6 55. h4 Kc7 56.
g4 Kb6 57. Nc4+ Ka6 58. Nd2 Rg3 59. Nc4 Rxg4+ 60. Kc5 Rxh4 61. Kxb4 g5 62.
Kc5 g4 63. b4 g3 64. b5+ Kb7 65. Nd6+ Kb8 66. a5 g2 67. Kc6 g1=Q 68. a6
Qc1+ 69. Kb6 Qc7# { White checkmated } 0-1

[Event "ICC tourney 2109 (75 10)"]
[Site "Internet Chess Club"]
[Date "2020.11.07"]
[Round "3"]
[White "HarleyQueen8"]
[Black "TheSuperKing"]
[Result "1-0"]
[ICCResult "Black resigns"]
[WhiteElo "1894"]
[BlackElo "1722"]
[Opening "Nimzo-Indian: classical, Noa variation"]
[ECO "E34"]
[NIC "NI.23"]
[Time "14:31:42"]
[PlyCount "133"]
[TimeControl "4500+10"]

1. d4 Nf6 2. c4 e6 3. Nc3 Bb4 4. Qc2 d5 5. cxd5 Nxd5 6. e4 Nxc3 7. bxc3
Qxd4 8. Ne2 Qf6 9. Bb2 Bc5 10. Nc1 O-O 11. Bd3 e5 12. O-O Qg6 13. Kh1 h5
14. Nb3 Bd6 15. f4 f6 16. f5 Qh7 17. Rf3 Kh8 18. Rh3 g5 19. Be2 h4 20. g3
Rg8 21. gxh4 g4 22. Rg3 Qxh4 23. Rag1 Bd7 24. Bxg4 Bc6 25. Rh3 Rxg4 26.
Rxh4+ Rxh4 27. Nd2 Nd7 28. Qd1 Nc5 29. Rg4 Rh7 30. Qf3 Be8 31. Qg3 Bh5 32.
Rh4 Rg8 33. Qe3 Na4 34. Ba1 Bc5 35. Qe1 Rg5 36. Rh3 Rg1+ 37. Qxg1 Bxg1 38.
Kxg1 Kg8 39. Kf2 Kf7 40. Ke3 b5 41. c4 b4 42. Nf1 Kg7 43. Kf2 Nc5 44. Ke3
a5 45. Bb2 a4 46. Nd2 b3 47. axb3 axb3 48. Ba3 Na4 49. Nxb3 Nc3 50. Bc5
Nd1+ 51. Kd2 Nb2 52. Kc3 Nxc4 53. Rg3+ Kf7 54. Kxc4 Be2+ 55. Kd5 Rxh2 56.
Kc6 Rh4 57. Re3 Bf1 58. Kxc7 Bg2 59. Nd2 Rf4 60. Kd7 Bf1 61. Rg3 Bb5+ 62.
Kd6 Rh4 63. Rb3 Ba6 64. Ra3 Bb5 65. Ra7+ Kg8 66. Ke6 Rh6 67. Be7 { Black
resigns } 1-0

[Event "ICC tourney 2109 (75 10)"]
[Site "Internet Chess Club"]
[Date "2020.11.07"]
[Round "3"]
[White "bonnelleo1"]
[Black "VincentT2008"]
[Result "1-0"]
[ICCResult "Black resigns"]
[WhiteElo "1903"]
[BlackElo "1741"]
[Opening "King's Indian: London system"]
[ECO "A45"]
[NIC "QP.03"]
[Time "14:31:47"]
[PlyCount "99"]
[TimeControl "4500+10"]

1. d4 Nf6 2. Bf4 g6 3. Nf3 Bg7 4. e3 d6 5. Be2 Nh5 6. Bg3 Nxg3 7. hxg3 O-O
8. c4 c5 9. Nc3 Nd7 10. Qb3 cxd4 11. exd4 e5 12. dxe5 dxe5 13. Ne4 Qa5+ 14.
Kf1 Nc5 15. Nxc5 Qxc5 16. Rd1 Bg4 17. Rd5 Qc7 18. Ng5 Bxe2+ 19. Kxe2 h6 20.
Ne4 b6 21. Rhd1 Rad8 22. Qd3 Rxd5 23. Qxd5 Kh7 24. b3 f5 25. Nc3 e4 26. Qd7
Rf7 27. Qxc7 Rxc7 28. Nb5 Re7 29. Rd8 Be5 30. Ke3 g5 31. Nd4 f4+ 32. gxf4
gxf4+ 33. Ke2 Bf6 34. Rd5 e3 35. Nf5 Re6 36. fxe3 Bg5 37. e4 Rxe4+ 38. Kf2
Kg6 39. Nd4 Re3 40. Nf3 Rc3 41. Rd7 Rc2+ 42. Rd2 Rxd2+ 43. Nxd2 Kf5 44. Kf3
Be7 45. Ne4 Bb4 46. Nf2 h5 47. Nd3 Bd6 48. b4 a5 49. bxa5 b5 50. cxb5 {
Black resigns } 1-0

[Event "ICC tourney 2109 (75 10)"]
[Site "Internet Chess Club"]
[Date "2020.11.07"]
[Round "3"]
[White "IAlwaysWin"]
[Black "chessisthebest1"]
[Result "0-1"]
[ICCResult "White resigns"]
[WhiteElo "1953"]
[BlackElo "1853"]
[Opening "Nimzovich-Larsen attack: classical variation"]
[ECO "A01"]
[NIC "VO.08"]
[Time "14:32:17"]
[PlyCount "114"]
[TimeControl "4500+10"]

1. b3 d5 2. Bb2 e6 3. e3 Nf6 4. Nf3 c5 5. Bb5+ Bd7 6. Bxd7+ Nbxd7 7. O-O
Be7 8. c4 O-O 9. cxd5 Nxd5 10. Nc3 Nxc3 11. Bxc3 Bf6 12. Qc2 Bxc3 13. Qxc3
Qf6 14. d4 cxd4 15. Nxd4 Rac8 16. Qb4 Nc5 17. Qa5 a6 18. Rac1 Qe7 19. Qa3
Qd6 20. Rc2 Ne4 21. Qc1 Qb8 22. Rd1 Rfd8 23. f3 Nf6 24. Rdd2 e5 25. Nf5
Rxc2 26. Rxc2 Nd5 27. e4 Nf4 28. g3 Ne6 29. Ne7+ Kf8 30. Qa3 Qd6 31. Qxd6
Rxd6 32. Nd5 Ke8 33. Kf2 Kd7 34. Ke3 Rc6 35. Rxc6 Kxc6 36. Nb4+ Kc5 37.
Nd3+ Kd6 38. f4 f6 39. b4 b6 40. Nb2 b5 41. Nd3 Nd4 42. Kd2 exf4 43. gxf4
Nc6 44. Ke3 a5 45. bxa5 Nxa5 46. Kd4 Nc6+ 47. Kc3 g5 48. e5+ fxe5 49. fxg5
e4 50. Ne1 Ke5 51. h4 Kf4 52. Ng2+ Kg3 53. Kd2 Kxg2 54. Ke3 Kg3 55. h5 Kg4
56. g6 hxg6 57. hxg6 Kf5 { White resigns } 0-1

[Event "ICC tourney 2109 (75 10)"]
[Site "Internet Chess Club"]
[Date "2020.11.07"]
[Round "3"]
[White "Nikhilp"]
[Black "gardemarin13"]
[Result "0-1"]
[ICCResult "White resigns"]
[WhiteElo "1738"]
[BlackElo "1900"]
[Opening "Sicilian: accelerated fianchetto, modern variation with Bc4"]
[ECO "B35"]
[NIC "SI.33"]
[Time "14:31:45"]
[PlyCount "70"]
[TimeControl "4500+10"]

1. e4 c5 2. Nf3 g6 3. d4 cxd4 4. Nxd4 Nc6 5. Nc3 Bg7 6. Be3 Nf6 7. Bc4 O-O
8. Bb3 a5 9. f3 d5 10. exd5 Nb4 11. Ndb5 a4 12. Bc4 a3 13. bxa3 Nfxd5 14.
Bxd5 Nxd5 15. Qxd5 Qxd5 16. Nxd5 Bxa1 17. Nxe7+ Kg7 18. c3 Bd7 19. Bd4+ f6
20. Nd6 Rxa3 21. Ne4 Bc6 22. Nxc6 bxc6 23. O-O Rxa2 24. g4 Rb8 25. g5 Rbb2
26. gxf6+ Kg8 27. Bf2 Rc2 28. Ng5 Bxc3 29. Rb1 Bxf6 30. Rb8+ Kg7 31. Rb7+
Kh6 32. Nf7+ Kh5 33. Nd6 h6 34. Ne4 Bh4 35. Ng3+ Bxg3 { White resigns } 0-1